Map: Lockdown LE

Players

RipNHammer

  • Race: Terran Terran
  • League: Master
  • Spawn Location: 1:00

Brandon - Winner!

  • Race: Terran Terran
  • League: Master
  • Spawn Location: 7:00

VOD

Have the link to the VOD?

Description

Time

  • Played on: Sept. 6, 2026, 6:13 p.m.
  • Length: 18:47
Show
View Real Time Build Order
Export as new Build Order

RipNHammer Terran 

Build Orders: Mech 

Get SALT Encoding   

  8  0:00  SCV  
  9  0:12  SCV  
  10  0:24  SCV  
  11  0:36  SCV  
  11  0:39  Supply Depot  
  12  0:49  SCV  
  13  1:01  SCV  
  13  1:02  Barracks  
  14  1:06  Refinery  
  14  1:13  SCV  
  15  1:18  Refinery  
  15  1:25  SCV  
  16  1:37  SCV  
  17  1:50  Reaper  
  17  1:51  Orbital Command  
  18  2:07  Factory  
  18  2:17  SCV  
  19  2:23  Supply Depot  
  19  2:24  Reaper  
  19  2:29  SCV  
  21  2:48  Command Center  
  21  2:53  Hellion  
  21  2:58  SCV  
  24  3:09  Barracks Reactor  
  24  3:15  Factory Tech Lab  
  24  3:18  SCV  
  25  3:22  Starport  
  25  3:30  SCV  
  26  3:34  Cyclone  
  26  3:37  Supply Depot  
  29  3:58  Marine x2, SCV  
  29  4:00  Starport Tech Lab  
  29  4:01  Orbital Command  
  32  4:07  Siege Tank  
  35  4:12  SCV  
  36  4:17  Orbital Command  
  36  4:25  SCV  
  36  4:27  Refinery  
  37  4:32  Refinery  
  37  4:37  SCV  
  38  4:44  SCV  
  38  4:46  Siege Tank  
  38  4:49  SCV  
  38  4:52  Raven  
  44  4:56  SCV  
  45  5:01  SCV  
  46  5:08  Supply Depot, SCV  
  46  5:11  Command Center, Interference Matrix  
  46  5:13  SCV  
  48  5:20  SCV  
  49  5:25  SCV  
  49  5:28  Supply Depot  
  50  5:30  Siege Tank, Raven  
  50  5:33  SCV  
  56  5:38  SCV  
  57  5:45  Supply Depot, SCV  
  58  5:50  SCV  
  58  5:55  Marine x2  
  61  5:57  SCV  
  61  6:01  Supply Depot  
  61  6:02  SCV  
  63  6:06  Siege Tank  
  66  6:16  Factory  
  66  6:19  SCV  
  67  6:34  SCV x2  
  67  6:36  Orbital Command  
  69  6:46  SCV  
  70  6:56  SCV  
  71  7:02  Cyclone, Siege Tank  
  77  7:09  Mag-Field Accelerator, Factory  
  77  7:10  SCV x2  
  77  7:13  Supply Depot  
  79  7:21  SCV  
  80  7:28  Viking x2  
  83  7:38  Cyclone x2  
  89  7:45  SCV  
  89  7:51  SCV x2  
  92  7:57  SCV  
  92  8:03  Barracks Tech Lab  
  92  8:05  Viking x2  
  96  8:08  Factory  
  91  8:35  Viking  
  91  8:41  SCV x2  
  95  8:43  Viking  
  82  8:59  Cyclone x2  
  79  9:05  Viking  
  81  9:13  Viking  
  77  9:22  Factory Tech Lab  
  66  9:31  Cyclone, Siege Tank  
  69  9:36  SCV x2  
  71  9:39  SCV  
  72  9:49  Siege Tank  
  72  9:52  Factory Tech Lab  
  75  9:53  Viking x2  
  79  10:05  Refinery  
  77  10:16  SCV x2  
  79  10:21  Orbital Command  
  79  10:26  Engineering Bay  
  79  10:27  Supply Depot  
  79  10:28  SCV  
  80  10:30  Siege Tank x2, Cyclone x2  
  80  10:31  Viking x2  
  80  10:32  SCV  
  97  10:36  Supply Depot  
  97  10:37  Supply Depot  
  97  10:41  SCV  
  97  10:42  Command Center  
  98  10:43  Factory  
  98  10:44  SCV  
  98  10:48  Refinery x2  
  92  11:17  SCV x2  
  85  11:20  Liberator  
  85  11:21  Viking  
  90  11:31  SCV x2  
  90  11:43  Cyclone x2, Hellion  
  90  11:44  Siege Tank, Hellion  
  90  11:45  Infernal Pre-Igniter  
  96  12:03  Viking  
  96  12:05  Hellion, Cyclone, Supply Depot  
  103  12:15  Siege Tank  
  106  12:20  Cyclone  
  106  12:21  Siege Tank  
  99  12:26  Hellion  
  99  12:37  Cyclone  
  102  12:47  Hellion x2  
  102  12:48  Liberator  
  109  12:53  Cyclone, Siege Tank  
  115  13:03  SCV x2  
  117  13:08  Hellion  
  117  13:09  Hellion, Cyclone  
  123  13:18  Refinery x2  
  114  13:23  Planetary Fortress  
  114  13:26  SCV x2  
  114  13:38  SCV x2  
  114  13:39  Liberator  
  114  13:40  Hellion x2, Cyclone  
  114  13:41  Hellion  
  128  13:50  SCV  
  128  13:51  SCV  
  131  14:02  SCV  
  131  14:22  Cyclone  
  134  14:29  Supply Depot  
  134  14:32  Siege Tank  
  134  14:46  Orbital Command, SCV  
  134  14:47  Hellion  
  134  14:50  Siege Tank, Cyclone  
  135  14:54  Cyclone  
  135  14:58  Missile Turret  
  138  15:00  Missile Turret  
  138  15:02  Liberator, Missile Turret  
  141  15:08  Supply Depot, Hellion  
  141  15:09  Supply Depot  
  143  15:18  Refinery  
  143  15:21  Supply Depot  
  143  15:22  Supply Depot  
  143  15:24  Supply Depot  
  143  15:30  Siege Tank x2, SCV x3, Hellion x2, Cyclone  
  159  15:37  Supply Depot  
  159  15:38  Supply Depot  
  157  15:51  Cyclone, Hellion  
  152  16:02  Siege Tank, Cyclone  
  126  16:05  Cyclone  
  129  16:12  Refinery  
  129  16:13  Hellion  
  129  16:15  Command Center  
  131  16:23  SCV, Siege Tank  
  131  16:26  Command Center  
  131  16:33  Armory  
  131  16:34  Cyclone, Hellion  
  131  16:35  Siege Tank  
  131  16:37  Cyclone  
  116  16:50  SCV  
  116  16:51  SCV  
  115  16:55  Siege Tank  
  115  16:56  Hellion  
  115  17:00  Liberator  
  123  17:06  Hellion  
  123  17:07  Cyclone  
  118  17:09  Siege Tank  
  112  17:17  Hellion  
  114  17:27  SCV x2, Cyclone  
  114  17:28  Hellion  
  119  17:37  Liberator  
  119  17:38  Hellion  
  119  17:39  Cyclone  
  116  18:19  SCV  
Show
View Real Time Build Order
Export as new Build Order

Brandon Terran - Winner!

Build Orders:  

Get SALT Encoding   

  8  0:00  SCV  
  9  0:12  SCV  
  10  0:24  SCV  
  10  0:27  Supply Depot  
  11  0:37  SCV  
  12  0:50  Barracks  
  12  0:57  Refinery  
  12  1:02  SCV  
  13  1:14  SCV  
  14  1:18  Refinery  
  14  1:27  SCV  
  15  1:40  Reaper  
  16  1:49  Orbital Command  
  16  2:05  Factory  
  16  2:15  SCV  
  17  2:16  Reaper  
  18  2:27  SCV  
  19  2:32  Supply Depot  
  19  2:39  SCV  
  20  2:53  Reaper  
  20  2:54  Hellion  
  23  2:58  SCV  
  24  3:07  Command Center  
  24  3:12  SCV  
  25  3:16  Supply Depot  
  25  3:23  Hellion  
  25  3:26  SCV  
  28  3:36  Starport  
  28  3:39  Barracks Reactor  
  28  3:42  SCV  
  28  3:45  Factory Tech Lab  
  29  3:54  SCV  
  30  4:05  Cyclone  
  30  4:06  SCV  
  34  4:14  Starport Tech Lab  
  34  4:16  Marine x2  
  36  4:18  SCV  
  36  4:19  Orbital Command  
  37  4:25  Refinery  
  37  4:30  SCV  
  38  4:33  Raven  
  38  4:34  Marine x2  
  42  4:42  SCV  
  46  4:45  Siege Tank  
  46  4:52  SCV  
  47  4:55  SCV, Supply Depot  
  48  5:04  SCV  
  48  5:07  SCV  
  50  5:13  Supply Depot  
  50  5:16  Marine  
  50  5:17  SCV  
  50  5:18  Viking x2  
  56  5:23  SCV  
  56  5:26  Supply Depot  
  57  5:29  SCV  
  58  5:37  SCV  
  58  5:41  SCV  
  58  5:42  Marine  
  61  5:43  Siege Tank  
  61  5:48  Viking, Supply Depot  
  66  5:50  Viking  
  66  5:52  SCV  
  66  5:53  SCV  
  70  5:58  Supply Depot  
  70  6:03  Marine  
  71  6:04  SCV  
  71  6:05  SCV  
  71  6:07  Factory  
  73  6:14  Supply Depot  
  73  6:16  SCV  
  73  6:17  Siege Tank, SCV  
  78  6:23  Viking  
  80  6:28  SCV  
  80  6:29  SCV  
  80  6:32  Viking  
  84  6:36  Supply Depot  
  84  6:37  Refinery  
  84  6:40  Supply Depot, SCV  
  84  6:41  SCV  
  84  6:46  Marine  
  86  6:52  SCV  
  86  6:53  Siege Tank, SCV  
  90  6:59  Command Center  
  90  7:00  Viking  
  92  7:05  SCV  
  92  7:06  SCV  
  92  7:08  Viking  
  96  7:18  SCV  
  96  7:20  Marine, Armory  
  96  7:21  Engineering Bay  
  97  7:24  SCV  
  96  7:30  SCV, Viking  
  96  7:36  SCV  
  96  7:39  Liberator  
  96  7:42  SCV  
  100  7:48  SCV  
  101  7:54  SCV  
  100  8:00  SCV  
  100  8:06  SCV, Liberator  
  100  8:08  Siege Tank  
  100  8:12  SCV  
  108  8:19  Orbital Command  
  108  8:21  SCV  
  108  8:22  Siege Tank  
  108  8:24  SCV  
  101  8:36  SCV  
  101  8:40  Viking  
  95  8:41  Siege Tank  
  98  8:48  SCV  
  98  8:54  Siege Tank  
  96  8:58  Marine  
  96  9:00  SCV  
  96  9:08  SCV  
  96  9:09  Viking  
  96  9:12  SCV  
  96  9:13  Siege Tank  
  96  9:16  Marine  
  97  9:22  SCV  
  95  9:25  SCV  
  95  9:26  Siege Tank  
  91  9:32  SCV, Refinery  
  91  9:33  Refinery  
  91  9:34  Marine  
  91  9:36  Factory  
  91  9:37  SCV  
  91  9:47  Command Center, Siege Tank  
  91  9:51  Terran Vehicle Weapons Level 1, SCV  
  91  9:52  Marine  
  96  10:01  Siege Tank  
  96  10:05  SCV x2  
  101  10:09  Marine  
  101  10:16  Viking x2  
  101  10:17  SCV  
  106  10:24  Factory Reactor  
  106  10:25  Starport  
  106  10:33  Refinery  
  106  10:34  Refinery, SCV  
  106  10:35  Siege Tank  
  110  10:36  Siege Tank  
  110  10:39  Command Center  
  113  10:46  Viking  
  114  11:01  Viking  
  116  11:07  Cyclone  
  116  11:08  Hellion  
  116  11:13  Hellion  
  116  11:16  Viking  
  115  11:19  Marine  
  115  11:22  Hellion  
  118  11:25  Starport Reactor  
  118  11:28  Armory  
  118  11:29  Siege Tank  
  118  11:31  Factory  
  121  11:32  Factory  
  121  11:33  Planetary Fortress  
  121  11:34  Hellion  
  121  11:39  Cyclone  
  126  11:42  Viking  
  126  11:45  Viking  
  130  11:48  Hellion  
  123  11:55  Hellion  
  123  12:00  SCV x2  
  123  12:01  SCV, Cyclone  
  131  12:10  Missile Turret  
  131  12:11  Cyclone  
  131  12:15  Viking x2, Missile Turret, Planetary Fortress  
  138  12:16  SCV  
  138  12:17  SCV  
  138  12:18  Missile Turret  
  138  12:21  Missile Turret  
  138  12:22  Missile Turret  
  134  12:26  Viking  
  134  12:27  Viking  
  134  12:29  SCV  
  136  12:44  Cyclone, Viking  
  136  12:45  Viking, Hellion  
  145  12:56  Viking  
  145  12:57  Viking, Factory Tech Lab x2  
  149  13:08  Missile Turret  
  149  13:10  Missile Turret  
  149  13:13  Siege Tank  
  149  13:14  Viking  
  149  13:15  Viking  
  149  13:16  Siege Tank  
  149  13:18  Siege Tank  
  128  13:23  Siege Tank  
  128  13:26  Hellion x2  
  131  13:37  Terran Vehicle Weapons Level 2  
  131  13:40  Refinery x2  
  131  13:45  Siege Tank  
  131  13:47  Hellion x2  
  132  13:52  Command Center  
  132  13:53  Siege Tank, Hellion  
  139  13:56  Hellion  
  139  13:59  Command Center  
  139  14:08  Hellion  
  141  14:14  Siege Tank  
  141  14:15  Hellion  
  149  14:17  Siege Tank, Hellion  
  149  14:23  Terran Ship Weapons Level 1  
  151  14:29  Siege Tank  
  150  14:38  Siege Tank  
  153  14:49  Siege Tank  
  153  14:50  Siege Tank  
  148  14:55  Hellion  
  148  15:01  Siege Tank  
  148  15:05  Missile Turret  
  151  15:07  Missile Turret  
  151  15:10  Missile Turret, Siege Tank  
  154  15:22  Siege Tank x2  
  154  15:24  Hellion, Infernal Pre-Igniter  
  154  15:26  Mag-Field Accelerator  
  154  15:28  Hellion  
  164  15:30  Planetary Fortress  
  164  15:33  Siege Tank  
  164  15:35  Missile Turret  
  167  15:36  Missile Turret  
  167  15:37  Missile Turret  
  167  15:39  Planetary Fortress  
  167  15:43  Siege Tank  
  164  15:54  Siege Tank, Cyclone  
  149  16:05  Cyclone  
  149  16:07  Viking x2  
  156  16:15  Siege Tank  
  159  16:23  Missile Turret  
  159  16:24  Viking x2  
  163  16:26  Siege Tank x2  
  162  16:37  Viking x2, Siege Tank  
  165  16:47  Siege Tank  
  165  16:52  Command Center  
  143  16:54  Viking x2  
  172  17:07  Viking x2  
  160  17:10  Siege Tank  
  160  17:11  Hellion  
  162  17:22  Hellion  
  164  17:24  Viking x2  
  168  17:40  Command Center  
  168  17:45  Command Center  
  165  18:03  Viking x4  
  173  18:07  Siege Tank, Hellion  
  172  18:24  Hellion  
  172  18:25  Hellion  
  179  18:32  Refinery  
  179  18:34  Refinery  
Tags
 
Composition
Mech
Matchup
TvT
Race
Terran
Replay Pack
RipNHammer
Spawn Locations
Cross Positions
Add a new tag
Caveats
  • Supply blocks, unpowered buildings, or Contaminate may cause inaccurate times.
  • Supply counts are checked every 10 seconds.